 Dungeon Crawl Stone Soup version 0.31-a0-1068-g5939ac1fb6 (webtiles) character file.

Game seed: 8167210710057480849

46 Voidaemon the Grave Robber (level 3, -6/24 HPs)
             Began as a Demonspawn Necromancer on Nov 25, 2023.
             Mangled by Crazy Yiuf
             ... wielding a +3 quarterstaff of chaos
              (9 damage)
             ... on level 2 of the Dungeon.
             The game lasted 00:12:46 (1209 turns).

Voidaemon the Grave Robber (Demonspawn Necromancer) Turns: 1209, Time: 00:12:48

Health: -6/24      AC:  4    Str: 14    XL:     3   Next: 46%
Magic:  3/6        EV: 12    Int: 18    God:
Gold:   78         SH:  0    Dex: 13    Spells: 6/7 levels left

rFire   . . .        (no weapon)
rCold   . . .        (no shield)
rNeg    . . .        f - +0 leather armour
rPois   .            e - +0 helmet
rElec   .            (no cloak)
rCorr   .            (no gloves)
SInv    .            (no boots)
Will    .....        (no amulet)
Stlth   ++           g - +6 ring of strength
HPRegen 0.24/turn    (no ring)
MPRegen 0.10/turn

%: no passive effects
@: no status effects
A: weakness stinger 2
a: no special abilities


You were on level 2 of the Dungeon.
You visited 1 branch of the dungeon, and saw 2 of its levels.

You collected 78 gold pieces.

Inventory:

Armour
 a - a +0 robe
 e - a +0 helmet (worn)
 f - a +0 leather armour (worn)
Jewellery
 g - a +6 ring of strength (left hand)
Scrolls
 b - a scroll of identify
 d - a scroll of enchant weapon {unknown}
Potions
 c - 3 potions of might


   Skills:
 + Level 1.0 Armour
 + Level 2.1 Dodging
 + Level 2.1 Stealth
 * Level 2.5 Spellcasting
 * Level 4.8 Necromancy


You had 6 spell levels left.
You knew the following spells:

 Your Spells              Type           Power      Damage    Failure   Level
a - Necrotise             Necr           76%        1d7       3%          1

Your spell library contained the following spells:

 Spells                   Type           Power      Damage    Failure   Level
 Vampiric Draining        Necr           19%        2d7       9%          3
 Animate Dead             Necr           19%        N/A       28%         4
 Stone Arrow              Conj/Erth      4%         3d7       54%         3
 Agony                    Necr           19%        N/A       63%         5
 Animate Armour           Summ/Erth      4%         N/A       91%         4
 Lehudib's Crystal Spear  Conj/Erth      1%         10d2      100%        8


Dungeon Overview and Level Annotations

Branches:
Dungeon (2/15)

Altars:

Annotations:
D:2 Crazy Yiuf


Innate Abilities, Weirdness & Mutations

You have a tail ending in a sharp stinger.


Message History

The dead are slithering!
Your Armour skill increases to level 1!
You see here 2 stones.
Found a scroll labelled JUXUIKOMAER.
d - a scroll labelled JUXUIKOMAER You swap places.
Your adder skeleton crumbles into dust!
Found 14 gold pieces.
You now have 78 gold pieces (gained 14).
Found a hammer.
Found a runed translucent door.
Found a hammer.
Crazy Yiuf shouts!
Crazy Yiuf grits, "Ghoul snail pontify!"
Found a hammer.
You open the door.
Casting: Necrotise (safe; 3% risk of failure)
Confirm with . or Enter, or press ? or * to list all spells.
Aiming: Necrotise (safe; 3% risk of failure)
Press: ? - help, Shift-Dir - straight line, f - Crazy Yiuf
Aim: Crazy Yiuf, wielding a +3 quarterstaff of chaos and wearing a +0 cloak (chance to affect: 84%) Crazy Yiuf writhes in agony.
Crazy Yiuf hits you with a +3 quarterstaff of chaos.
Casting: Necrotise (safe; 3% risk of failure)
Confirm with . or Enter, or press ? or * to list all spells.
Aiming: Necrotise (safe; 3% risk of failure)
Press: ? - help, Shift-Dir - straight line, f/p - Crazy Yiuf
Aim: Crazy Yiuf, wielding a +3 quarterstaff of chaos and wearing a +0 cloak (lightly wounded, chance to affect: 84%) Crazy Yiuf writhes in agony.
Crazy Yiuf hits you with a +3 quarterstaff of chaos!
Ouch! That really hurt!
Crazy Yiuf freezes you.
* * * LOW HITPOINT WARNING * * *
Casting: Necrotise (safe; 3% risk of failure)
Confirm with . or Enter, or press ? or * to list all spells.
Aiming: Necrotise (safe; 3% risk of failure)
Press: ? - help, Shift-Dir - straight line, f/p - Crazy Yiuf
Aim: Crazy Yiuf, wielding a +3 quarterstaff of chaos and wearing a +0 cloak (moderately wounded, chance to affect: 84%) Crazy Yiuf writhes in agony!
Crazy Yiuf hits you with a +3 quarterstaff of chaos!
You die...

##### ###### #....# .#
#.#### .# #.#
.######.# ........##♣♣
### .###..#....♣♣
♣♣#..)# .#
#........♣♣♣♣@g.).#
.####.#......♣..♣#..)#
............♣.♣♣♣ ###
.#########♣♣♣♣♣ .# .#
##


You could see Crazy Yiuf.

Vanquished Creatures
  3 adders (D:2)
  A bat (D:2)
  An endoplasm (D:2)
  A goblin (D:1)
  5 hobgoblins
  A jackal (D:1)
  2 ball pythons
  2 frilled lizards (D:1)
  2 kobolds (D:1)
18 creatures vanquished.

Vanquished Creatures (collateral kills)
  A jackal (D:1)
1 creature vanquished.

Grand Total: 19 creatures vanquished

Notes
Turn   | Place    | Note
-------+----------+-------------------------------------------
     0 | D:1      | Voidaemon the Demonspawn Necromancer began the quest for
                  | the Orb.
     0 | D:1      | Reached XP level 1. HP: 13/13 MP: 3/3
   306 | D:1      | Gained mutation: You have a small tail. [demonic ancestry]
   306 | D:1      | Reached XP level 2. HP: 19/19 MP: 1/5
   384 | D:1      | Found a faded altar of an unknown god.
   874 | D:2      | Gained mutation: You have a tail ending in a sharp stinger.
                  | [demonic ancestry]
   874 | D:2      | Reached XP level 3. HP: 24/24 MP: 0/6
  1138 | D:2      | Reached skill level 1 in Armour
  1202 | D:2      | Found a runed translucent door.
  1203 | D:2      | Noticed Crazy Yiuf
  1209 | D:2      | Mangled by Crazy Yiuf

Illustrated notes

Levels and vault maps discovered:
D:1:      giann_forest_graveyard, layout_loops_ring,
          shapermc_ecumenical_altar_pompeii
D:2:      layout_loops_ring, uniq_crazy_yiuf_cottage

Skill      XL: |  1  2  3 |
---------------+----------+-----
Dodging        | 2 |  2.1
Stealth        | 2 |  2.1
Armour         | 1 |  1.0
Spellcasting   | |  2.5
Necromancy     | |  4.8

Action                     || total
---------------------------++-------
   Cast: Necrotise         ||    51
    Use: Scroll            ||     2
         Potion            ||     2
 Armour: Robe              ||     7
         Leather armour    ||     8
  Dodge: Dodged            ||     7

Table legend: (Time is in decaauts)
 A = Elapsed time spent in this place.
 B = Non-inter-level travel time spent in this place.
 C = Inter-level travel time spent in this place.
 D = Time resting spent in this place.
 E = Time spent auto-exploring this place.
 F = Levels seen in this place.
 G = Mean time per level.
                   A        B        C        D        E       F      G
               +--------+--------+--------+--------+--------+-----+--------+
         Total |   1208 |    792 |    416 |      0 |    538 |   2 |  604.0 |
       Dungeon |   1208 |    792 |    416 |      0 |    538 |   2 |  604.0 |
               +--------+--------+--------+--------+--------+-----+--------+

Top non-repeatable levels by time:
     D:1: 717 daAuts
     D:2: 490 daAuts
